 Dungeon Crawl Stone Soup version 0.28.0-53-g5a82cb258f (webtiles) character file.

Game seed: 14687624176949772220

3679 Duralumin the Cleaver (level 10, -4/70 HPs)
             Began as a Formicid Fighter on June 12, 2022.
             Was a Priest of Okawaru.
             Shot with an arrow by a centaur warrior (19 damage)
             ... on level 8 of the Dungeon.
             The game lasted 00:31:27 (8392 turns).

Duralumin the Cleaver (Formicid Fighter)            Turns: 8392, Time: 00:31:28

Health: -4/70      AC: 12    Str: 25    XL:     10   Next: 35%
Magic:  10/10      EV:  6    Int:  8    God:    Okawaru [***...]
Gold:   451        SH:  9    Dex: 12    Spells: 9/9 levels left

rFire   + . .      SeeInvis +   a - +0 war axe
rCold   + . .      Faith    .   c - +0 buckler
rNeg    . . .      Spirit   .   m - +0 plate armour
rPois   .          Reflect  +   (helmet unavailable)
rElec   .          Harm     .   K - scarf {rC+ rF+}
rCorr   .          Rampage  .   (no gloves)
Will    +....                   t - +0 pair of boots
Stlth   ..........              C - amulet of reflection
HPRegen 0.21/turn               (no ring)
MPRegen 0.12/turn               (no ring)

@: no status effects
A: permanent stasis, dig shafts and tunnels, antennae 3, four strong arms, agile
1, wild magic 1
a: Dig, Shaft Self, Renounce Religion, Heroism


You were on level 8 of the Dungeon.
You worshipped Okawaru.
Okawaru was most pleased with you.
You visited 2 branches of the dungeon, and saw 9 of its levels.
You also visited: Sewer.

You collected 533 gold pieces.
You spent 82 gold pieces at shops.

Inventory:

Hand Weapons
 a - a +0 war axe (weapon)
 y - a +0 hand crossbow
 B - a +1 whip of electrocution
Missiles
 h - 551 stones
 o - a throwing net
 s - 5 boomerangs (quivered)
 w - 27 poisoned darts
 x - 3 curare-tipped darts
 z - 19 bolts
Armour
 b - a +0 scale mail
 c - a +0 buckler (worn)
 m - a +0 plate armour (worn)
 t - a +0 pair of boots (worn)
 K - a scarf of resistance (worn)
Magical Staves
 E - a staff of poison
Jewellery
 u - an amulet of the acrobat
 C - an amulet of reflection (around neck)
 H - a +6 ring of intelligence
 J - a ring of poison resistance
Wands
 q - a wand of polymorph (11)
 D - a wand of flame (13)
Scrolls
 j - a scroll of immolation
 l - a scroll of holy word
 p - a scroll of vulnerability
 r - 4 scrolls of identify
 A - 2 scrolls of fog {unknown}
 F - a scroll of fear
 G - a scroll of enchant weapon {unknown}
 I - a scroll of noise {unknown}
Potions
 d - 3 potions of brilliance {unknown}
 e - 5 potions of mutation
 f - a potion of magic {unknown}
 g - 3 potions of heal wounds
 i - a potion of might
 k - a potion of invisibility
 n - 4 potions of curing {unknown}
 v - 2 potions of lignification {unknown}


   Skills:
 - Level 3.2 Fighting
 + Level 14.2 Axes
 - Level 3.2 Armour
 - Level 3.6 Shields


You had 9 spell levels left.
You didn't know any spells.
Your spell library contained the following spells:

 Spells                   Type           Power      Damage    Failure   Level
 Magic Dart               Conj           0%         1d3       100%        1
 Sandblast                Erth           0%         2d4       100%        1
 Passwall                 Tmut/Erth      0%         N/A       100%        2
 Searing Ray              Conj           0%         2d4       100%        2
 Lesser Beckoning         Tloc           0%         N/A       100%        3
 Stone Arrow              Conj/Erth      0%         3d7       100%        3
 Fulminant Prism          Conj/Hex       0%         3d6       100%        4
 Blade Hands              Tmut           0%         N/A       100%        5
 Manifold Assault         Tloc           0%         N/A       100%        5
 Iron Shot                Conj/Erth      0%         9d1       100%        6
 Blink                    Tloc           Unusable   N/A       N/A         2
 Animate Armour           Summ/Erth      Unusable   N/A       N/A         4

Dungeon Overview and Level Annotations

Branches:
Dungeon (8/15)             Temple (1/1) D:4           Sewer (visited)
   Lair: D:8-11

Altars:
Ashenzari
Cheibriados
Dithmenos
Elyvilon
Fedhas
Gozag
Kikubaaqudgha
Nemelex Xobeh
Okawaru
Qazlal
Ru
Sif Muna
Trog
Uskayaw
Vehumet
Yredelemnul
Zin

Shops:
D:5 ?


Innate Abilities, Weirdness & Mutations

You cannot be hasted, slowed, berserked, paralysed or teleported.
You can dig through walls and to a lower floor.
You have a pair of large antennae on your head. (SInv)
Your four strong arms can wield two-handed weapons with a shield.
You are agile. (Dex +2)
Your spells are a little harder to cast, but a little more powerful.


Message History

You miss the water moccasin.
The water moccasin is almost dead.
You feel sick.
You are no longer poisoned.
The water moccasin bites you but does no damage.
You slash the water moccasin!
You kill the water moccasin!
Okawaru accepts your kill.
You slash the centaur!
The centaur is almost dead.
The centaur hits you but does no damage.
You block the centaur's attack.
You hit the centaur.
You kill the centaur!
Okawaru accepts your kill.
You slash the orc!
You kill the orc!
Okawaru accepts your kill.
There is an open door here.
You start resting.
An orc comes into view. It is wielding a +0 trident.
There is an open door here.
You block the orc's attack.
You hit the orc.
The orc is moderately wounded.
The orc completely misses you.
You slice the orc!!
You kill the orc!
Okawaru accepts your kill.
A centaur warrior opens the door.
Items here: $ ) ? †.
The centaur warrior shouts!
The centaur warrior wields a +0 longbow.
The centaur warrior shoots an arrow.
The arrow hits you!
The centaur warrior shoots an arrow.
The arrow barely misses you.
The centaur warrior shoots an arrow.
The arrow hits you!
* * * LOW HITPOINT WARNING * * *
There is an open door here.
The centaur warrior shoots an arrow.
The arrow hits you!!
You die... c

.....#...#.#...#
###'###.....#.#.#...# #.#
##.#c#.##....#...#... ... ###
##.#.#.#.##.......#..# #.#
#?###.#.#.#.#.##..#...#..# #.#
#..#.#.#.#.#)#.#..#...#..#####.#
...##.#.#.#.#.##.............#.#
...')#.#.#.#.#.'.##.#.#..###.#.#
{..##)#.#.#.#.##@##.#..[.###.#.##
..{#.#.#.#.#.#.#..#.#............
.{###.#.#.#.#.##................#
{## ##.#.#.#.##...###............
## ##.#.#.## .#......[......... #
###+### .. ....[[.####.)###
....###.#.. #..# ##...# #.#..
#..# ......##.)###


You could see a centaur warrior.

Vanquished Creatures
  Joseph (D:7)
  Grinder (D:6)
  A steam dragon (D:8)
  2 water moccasins (D:8)
  2 orc warriors
  A hornet zombie (D:8)
  An ice beast (D:7)
  2 ogres
  4 centaurs
  8 kobold brigands
  3 bullfrogs
  2 scorpions
  A water moccasin skeleton (D:4)
  A bullfrog zombie (D:5)
  3 centaur zombies
  2 gnoll shamans
  5 hounds
  4 orc priests
  2 jellies
  2 centaur skeletons (D:7)
  2 iguanas
  4 orc wizards
  A hound skeleton (D:4)
  4 gnolls (D:4)
  2 howler monkey skeletons (D:6)
  8 adders
  A shadow imp (D:7)
  2 white imps
  2 ufetubi
  An adder skeleton (D:4)
  6 worms (Sewer)
  2 dart slugs
  22 orcs
  5 bats
  10 endoplasms
  6 giant cockroaches
  10 goblins
  14 hobgoblins
  2 jackals (D:4)
  16 kobolds
  8 quokkas
  6 ball pythons
  6 frilled lizards
  10 rats
198 creatures vanquished.

Notes
Turn   | Place    | Note
-------+----------+-------------------------------------------
     0 | D:1      | Duralumin the Formicid Fighter began the quest for the Orb.
     0 | D:1      | Reached XP level 1. HP: 18/18 MP: 1/1
   136 | D:1      | Reached XP level 2. HP: 10/24 MP: 2/2
   423 | D:1      | Reached skill level 3 in Axes
   530 | D:1      | Reached XP level 3. HP: 28/29 MP: 3/3
   783 | D:1      | Found a faded altar of an unknown god.
  1477 | D:2      | Reached skill level 4 in Axes
  1477 | D:2      | Reached XP level 4. HP: 27/35 MP: 4/4
  1550 | D:2      | Found a sacrificial altar of Ru.
  1626 | D:2      | Gained mutation: You have large cloven feet. [potion of
                  | mutation]
  1626 | D:2      | Gained mutation: Your body sometimes deteriorates upon
                  | taking damage. [potion of mutation]
  1633 | D:2      | Lost mutation: Your body sometimes deteriorates upon taking
                  | damage. [potion of mutation]
  1633 | D:2      | Lost mutation: You have large cloven feet. [potion of
                  | mutation]
  1633 | D:2      | Gained mutation: Your spells are a little harder to cast,
                  | but a little more powerful. [potion of mutation]
  1633 | D:2      | Gained mutation: You are agile. (Dex +2) [potion of
                  | mutation]
  2249 | D:3      | Reached skill level 5 in Axes
  2249 | D:3      | Reached XP level 5. HP: 30/41 MP: 5/5
  2478 | D:3      | Found a bloodstained altar of Trog.
  2480 | D:3      | Found a shimmering blue altar of Sif Muna.
  2482 | D:3      | Found a radiant altar of Vehumet.
  2482 | D:3      | Found a sacrificial altar of Ru.
  2498 | D:3      | Found a blossoming altar of Fedhas.
  3241 | D:4      | Reached XP level 6. HP: 46/47 MP: 6/6
  3279 | D:4      | Reached skill level 6 in Axes
  3543 | D:4      | Found a sparkling altar of Nemelex Xobeh.
  3546 | D:4      | Found a basalt altar of Yredelemnul.
  3656 | D:4      | Found a staircase to the Ecumenical Temple.
  3663 | Temple   | Entered the Ecumenical Temple
  3684 | Temple   | Became a worshipper of Warmaster Okawaru
  3909 | D:4      | Reached XP level 7. HP: 27/52 MP: 7/7
  3913 | D:4      | Reached skill level 7 in Axes
  4158 | D:4      | Found a glowing silver altar of Zin.
  4170 | D:4      | Found a white marble altar of Elyvilon.
  4224 | D:5      | Entered Level 5 of the Dungeon
  4238 | D:5      | Found Usopogoj's Magic Scroll Shoppe.
  4429 | D:5      | Found a glowing drain.
  4452 | Sewer    | Entered a sewer
  4503 | Sewer    | Reached skill level 8 in Axes
  4755 | Sewer    | Reached XP level 8. HP: 33/55 MP: 8/8
  5059 | Sewer    | Reached * piety under Okawaru
  5060 | Sewer    | Reached skill level 9 in Axes
  6072 | D:5      | Bought a scroll of fear for 52 gold pieces
  6072 | D:5      | Bought a scroll of identify for 30 gold pieces
  6138 | D:6      | Reached skill level 10 in Axes
  6146 | D:6      | Noticed Grinder
  6158 | D:6      | Killed Grinder
  6159 | D:6      | Reached XP level 9. HP: 64/64 MP: 6/9
  6492 | D:6      | Reached skill level 11 in Axes
  6977 | D:7      | Noticed Joseph
  7012 | D:7      | Reached ** piety under Okawaru
  7241 | D:7      | Reached skill level 12 in Axes
  7583 | D:7      | Killed Joseph
  7867 | D:7      | Reached skill level 13 in Axes
  7867 | D:7      | Reached XP level 10. HP: 66/70 MP: 10/10
  8303 | D:8      | Found an ancient bone altar of Kikubaaqudgha.
  8324 | D:8      | Reached *** piety under Okawaru
  8325 | D:8      | Reached skill level 14 in Axes
  8327 | D:8      | Noticed a two-headed ogre
  8389 | D:8      | Noticed a centaur warrior
  8392 | D:8      | Shot with an arrow by a centaur warrior

Illustrated notes

Levels and vault maps discovered:
D:1:      dpeg_arrival_court, layout_loops_ring,
          dreamdust_ecumenical_altar_angels_and_demons
D:2:      layout_loops_ring, basic_altar
D:3:      layout_rooms, nicolae_overflow_hallway_of_the_gods,
          minmay_misc_feat_encased
D:4:      layout_rooms, mainiacjoe_overflow_big_doors, jmf_multi_god_temple,
          minmay_temple_entry_fiery, roderic_three_in_a_row
D:5:      layout_basic, gup_sewer_entry_pipe, serial_shops,
          nicolae_inconvenience_store
D:6:      layout_loops_ring, uniq_grinder
D:7:      layout_basic, uniq_joseph
D:8:      minmay_the_grid_octo_2x2 [minmay_the_grid_octo_empty,
          minmay_the_grid_octo_checkered, minmay_the_grid_octo_vomiting_pacman,
          minmay_the_grid_octo_prize_star], layout_basic, special_room
          [special_room_orc]
Temple:   hc_temple_tempest_star

Skill      XL: |  1  2  3  4  5  6  7  8  9 10 |
---------------+-------------------------------+-----
Axes           | 3 4 5 6 8 10 13 14 | 14.2
Fighting       | |  3.2
Armour         | |  3.2
Shields        | |  3.6

Action                   |  1- 3 |  4- 6 |  7- 9 | 10-12 || total
-------------------------+-------+-------+-------+-------++-------
Melee: War axe           |   116 |   205 |   369 |    96 ||   786
Throw: Boomerang         |       |       |    10 |     2 ||    12
Invok: Heroism           |       |       |     4 |       ||     4
  Use: Potion            |       |     3 |       |       ||     3
       Scroll            |       |     2 |     7 |       ||     9
Armor: Scale mail        |    37 |       |       |       ||    37
       Plate armour      |    20 |   118 |   162 |    43 ||   343
Dodge: Dodged            |    37 |    85 |    86 |    14 ||   222
Block: Buckler           |    25 |    47 |    77 |    41 ||   190
       Reflection        |       |       |     3 |     3 ||     6
